 Dungeon Crawl Stone Soup version 0.31.0-9-g3a7656b989 (webtiles) character file.

Game seed: 13262580958321571184

11769 Gumption the Grappler (level 11, -3/110 HPs)
             Began as a Troll Monk on Jan 28, 2024.
             Was a High Priest of Makhleb.
             Slain by an 11-headed hydra (4 damage)
             ... on level 11 of the Dungeon on Jan 29, 2024.
             The game lasted 01:01:03 (10043 turns).

Gumption the Grappler (Troll Monk)                 Turns: 10043, Time: 01:01:05

Health: -3/110     AC: 12    Str: 23    XL:     11   Next: 53%
Magic:  0/14       EV: 13    Int:  6    God:    Makhleb [*****.]
Gold:   368        SH:  0    Dex: 20    Spells: 10/10 levels left

rFire   . .          .
                       - Unarmed
rCold   + . .        c - orb {light}
rNeg    . . .        D - +3 swamp dragon scales
rPois   +            (helmet restricted)
rElec   +            K - scarf "Arruim" {shadows, rElec}
rCorr   .            (gloves unavailable)
SInv    .            (boots unavailable)
Will    .....        g - amulet of guardian spirit
Stlth   +            A - +6 ring of dexterity
HPRegen 1.18/turn    q - ring of protection from cold
MPRegen 0.14/turn

%: guardian spirit
@: mighty, glowing, studying Axes
A: large, unfitting armour, claws 3, regeneration 1, shaggy fur 1, tough skin 1
a: Renounce Religion, Minor Destruction, Lesser Servant of Makhleb, Major
Destruction, Greater Servant of Makhleb


You were on level 11 of the Dungeon.
You worshipped Makhleb.
Makhleb was extremely pleased with you.
You visited 2 branches of the dungeon, and saw 12 of its levels.
You also visited: Trove and Sewer.

You collected 752 gold pieces.
You spent 384 gold pieces at shops.

Inventory:

Missiles
 a - a curare-tipped dart
 h - 29 poisoned darts (quivered)
 p - a throwing net
Armour
 c - an orb of light (worn)
 D - +3 swamp dragon scales (worn)
 K - the scarf "Arruim" (worn) {shadows, rElec}
   (You found it in a treasure trove)

   rElec:     It insulates you from electricity.
Jewellery
 g - an amulet of guardian spirit (around neck)
 q - a ring of protection from cold (right claw)
 A - a +6 ring of dexterity (left claw)
 I - a ring of fire
Wands
 u - a wand of light (13)
 B - a wand of charming (12)
 C - a wand of flame (24)
Scrolls
 f - 2 scrolls of immolation
 j - 3 scrolls of revelation
 o - a scroll of acquirement {unknown}
 s - 3 scrolls of fog
 v - a scroll of enchant armour
 w - a scroll of enchant weapon
 x - 2 scrolls of poison
 y - 2 scrolls of teleportation
 E - a scroll of brand weapon {unknown}
Potions
 b - 2 potions of ambrosia
 d - 3 potions of haste
 e - 2 potions of brilliance
 i - 7 potions of might
 k - 5 potions of enlightenment
 l - 3 potions of curing
 m - a potion of heal wounds
 n - a potion of magic
 r - a potion of cancellation {unknown}
 z - a potion of lignification {unknown}


   Skills:
 + Level 7.7 Fighting
 + Level 7.7 Dodging
 * Level 12.6 Unarmed Combat
 + Level 6.0 Invocations


You had 10 spell levels left.
You didn't know any spells.
Your spell library contained the following spells:

 Spells                   Type           Power      Damage    Failure   Level
 Freeze                   Ice            0%         1d3       63%         1
 Magic Dart               Conj           0%         1d3       63%         1
 Summon Small Mammal      Summ           0%         N/A       63%         1
 Ensorcelled Hibernation  Hex/Ice        0%         N/A       77%         2
 Sublimation of Blood     Necr           0%         N/A       77%         2
 Call Canine Familiar     Summ           0%         N/A       94%         3
 Confusing Touch          Hex            0%         N/A       94%         3
 Dazzling Flash           Conj/Hex       0%         N/A       94%         3
 Frozen Ramparts          Ice            0%         1d1       94%         3
 Fugue of the Fallen      Necr           0%         N/A       94%         3
 Hailstorm                Conj/Ice       0%         3d5       94%         3
 Passwall                 Erth           0%         N/A       94%         3
 Sigil of Binding         Hex            0%         N/A       94%         3
 Stone Arrow              Conj/Erth      0%         3d7       94%         3
 Volatile Blastmotes      Fire/Tloc      0%         2d10      94%         3
 Anguish                  Hex/Necr       0%         N/A       100%        4
 Animate Armour           Summ/Erth      0%         N/A       100%        4
 Iskenderun's Mystic Bla  Conj/Tloc      0%         2d3       100%        4
 Passage of Golubria      Tloc           0%         N/A       100%        4
 Petrify                  Alch/Erth      0%         N/A       100%        4
 Summon Blazeheart Golem  Fire/Summ      0%         N/A       100%        4
 Irradiate                Conj/Alch      0%         3d11      100%        5
 Silence                  Hex/Air        0%         N/A       100%        5
 Conjure Ball Lightning   Conj/Air       0%         3x3d6     100%        6
 Starburst                Conj/Fire      0%         6d3       100%        6
 Discord                  Hex            0%         N/A       100%        8
 Lehudib's Crystal Spear  Conj/Erth      0%         10d2      100%        8
 Maxwell's Capacitive Co  Air            0%         ∞         100%        8


Dungeon Overview and Level Annotations

Branches:
Dungeon (11/15)            Temple (1/1) D:6            Lair (0/5) D:10
    Orc (0/2) D:11          Sewer (visited)

Altars:
Ashenzari
Cheibriados
Dithmenos
Elyvilon
Fedhas
Gozag
Hepliaklqana
Kikubaaqudgha
Makhleb
Nemelex Xobeh
Okawaru
Qazlal
Ru
Sif Muna
Trog
Uskayaw
Vehumet
Wu Jian
Xom
Yredelemnul
Zin
The Shining One

Shops:
D:2 *=!:[   D:5 :   D:6 =   D:10 *


Innate Abilities, Weirdness & Mutations

You are too large for most types of armour.
You have claws for hands.
Your natural rate of healing is unusually fast.
You are covered in fur. (AC +1)
You have tough skin. (AC +1)


Message History

The seven-headed hydra misses you.
You tear one of the seven-headed hydra's heads off!
The six-headed hydra grows two more!
You mangle the eight-headed hydra!!
The eight-headed hydra is moderately wounded.
The eight-headed hydra bites you. The eight-headed hydra bites you!
The eight-headed hydra bites you but does no damage.
The eight-headed hydra bites you! The eight-headed hydra misses you.
The eight-headed hydra bites you! The eight-headed hydra bites you. x2
You tear one of the eight-headed hydra's heads off!
The seven-headed hydra grows two more!
You mangle the nine-headed hydra!!
The nine-headed hydra is heavily wounded.
The nine-headed hydra bites you but does no damage.
The nine-headed hydra bites you!
The nine-headed hydra barely misses you.
The nine-headed hydra bites you but does no damage.
The nine-headed hydra misses you. The nine-headed hydra bites you!
The nine-headed hydra bites you. The nine-headed hydra misses you.
The nine-headed hydra barely misses you.
You tear one of the nine-headed hydra's heads off!
The eight-headed hydra grows two more!
You mangle the ten-headed hydra!!
The ten-headed hydra is heavily wounded.
You tear one of the ten-headed hydra's heads off!
The nine-headed hydra grows two more!
You mangle the 11-headed hydra!!
The 11-headed hydra is almost dead.
The 11-headed hydra bites you!
* * * LOW HITPOINT WARNING * * *
The 11-headed hydra bites you!
* * * LOW HITPOINT WARNING * * *
The 11-headed hydra bites you.
* * * LOW HITPOINT WARNING * * *
The 11-headed hydra bites you.
* * * LOW HITPOINT WARNING * * *
The 11-headed hydra bites you.
* * * LOW HITPOINT WARNING * * *
The 11-headed hydra closely misses you. The 11-headed hydra bites you.
* * * LOW HITPOINT WARNING * * *
The 11-headed hydra bites you!
* * * LOW HITPOINT WARNING * * *
The 11-headed hydra bites you.
You die...

#........#.......##.....####.#
#........+.................#..
#........#...........(..<..#..
#........#.................#..
#........#.................#..
#........#.................#..
#........#.................#..
#........#.................#..
#........####@#####..##...####
##'#.......#.D.####..# ...
..#.......#.........
#.......#.>†...... ...
#.......#......... #...
#.......#$........ +...
#.......+........$ #...
#.......#......... ...
##.......##..###... #.


You could see a 11-headed hydra.

Vanquished Creatures
  A two-headed ogre (D:9)
  A boulder beetle (D:10)
  2 cyclopes (D:11)
  Joseph (D:7)
  A gargoyle (D:10)
  Maggie (D:8)
  2 komodo dragons (D:10)
  Jeremiah (D:6)
  3 hornets
  Grinder (D:6)
  2 wyverns (D:9)
  Sigmund (D:3)
  A shadow (D:10)
  6 yaks (D:11)
  4 vampire mosquitoes
  Edmund (D:5)
  An acid dragon (D:10)
  2 water moccasins
  A swamp drake (D:11)
  6 orc warriors
  3 ice beasts
  3 black bears
  An ogre (D:6)
  A phantom (D:5)
  10 centaurs
  2 bullfrogs
  5 kobold brigands
  2 brain worms (Sewer)
  A gnoll sergeant (D:9)
  6 scorpions
  4 wights (D:8)
  5 killer bees (D:9)
  4 howler monkeys (D:11)
  3 bombardier beetles
  4 jellies
  4 orc priests
  2 gnoll boudas (D:6)
  3 hounds
  Crazy Yiuf (D:4)
  A sleepcap (D:4)
  Ijyb (D:5)
  8 orc wizards
  An iguana (D:10)
  18 gnolls
  2 river rats (Sewer)
  11 adders
  A shadow imp (D:7)
  A white imp (D:7)
  2 ufetubi (D:7)
  2 ribbon worms
  A dart slug (D:1)
  34 orcs
  10 endoplasms
  4 giant cockroaches
  9 goblins
  11 hobgoblins
  16 jackals
  5 quokkas
  12 ball pythons
  7 bats
  9 frilled lizards
  15 kobolds
  5 rats
289 creatures vanquished.

Vanquished Creatures (others)
  An adder (D:5)
1 creature vanquished.

Grand Total: 290 creatures vanquished

Notes
Turn   | Place    | Note
-------+----------+-------------------------------------------
     0 | D:1      | Gumption the Troll Monk began the quest for the Orb.
     0 | D:1      | Reached XP level 1. HP: 22/22 MP: 0/0
    98 | D:1      | Reached XP level 2. HP: 29/29 MP: 1/1
   258 | D:1      | Reached XP level 3. HP: 33/36 MP: 2/2
   719 | D:2      | Found Bunaja's Assorted Antiques.
   752 | D:2      | Bought a red potion for 24 gold pieces
   752 | D:2      | Bought a scroll labelled RIRRIQOAKO for 27 gold pieces
   752 | D:2      | Bought a metallic yellow potion for 24 gold pieces
   811 | D:2      | Found Ywyr's Distillery.
   826 | D:2      | Bought a potion of degeneration for 13 gold pieces
   829 | D:2      | Bought a potion of curing for 39 gold pieces
   961 | D:2      | Found Cuocsusk's Armour Emporium.
  1094 | D:2      | Found Vudghago's Book Shoppe.
  1170 | D:2      | Found Imaezeb's Jewellery Shop.
  1335 | D:3      | Reached skill level 4 in Unarmed Combat
  1379 | D:3      | Reached XP level 4. HP: 42/45 MP: 3/3
  1584 | D:3      | Reached XP level 5. HP: 45/53 MP: 2/4
  1648 | D:3      | Identified the +0 mace of Zogogg {protect, rPois}
  1767 | D:3      | Noticed Sigmund
  1788 | D:3      | Killed Sigmund
  1789 | D:3      | Reached skill level 5 in Unarmed Combat
  1789 | D:3      | Reached XP level 6. HP: 60/61 MP: 3/5
  1913 | D:4      | You fall into a shaft and drop 2 floors!
  1920 | D:6      | Found a burning altar of Makhleb.
  1926 | D:6      | Became a worshipper of Makhleb the Destroyer
  1926 | D:6      | Reached * piety under Makhleb
  1926 | D:6      | Reached ** piety under Makhleb
  2012 | D:6      | Reached skill level 6 in Unarmed Combat
  2016 | D:6      | Found a glowing drain.
  2022 | D:6      | Reached XP level 7. HP: 68/68 MP: 6/6
  2026 | Sewer    | Entered a sewer
  2714 | D:6      | Reached skill level 7 in Unarmed Combat
  2766 | D:6      | Reached XP level 8. HP: 79/79 MP: 7/7
  2776 | D:5      | Entered Level 5 of the Dungeon
  2861 | D:5      | Noticed Edmund
  2937 | D:4      | Reached *** piety under Makhleb
  3113 | D:4      | Found a sparkling altar of Nemelex Xobeh.
  3230 | D:4      | Found a shadowy altar of Dithmenos.
  3302 | D:4      | Reached skill level 5 in Fighting
  3330 | D:4      | Reached skill level 8 in Unarmed Combat
  3410 | D:4      | Reached skill level 5 in Dodging
  3677 | D:4      | Found a runed translucent door.
  3678 | D:4      | Noticed Crazy Yiuf
  3684 | D:4      | Killed Crazy Yiuf
  3742 | D:5      | Noticed Ijyb
  3761 | D:5      | Killed Ijyb
  3809 | D:5      | Found Cusiq's Tremendous Tomes.
  3917 | D:5      | Killed Edmund
  4237 | D:5      | Reached skill level 1 in Invocations
  4702 | D:6      | Found a staircase to the Ecumenical Temple.
  4716 | D:6      | Reached XP level 9. HP: 79/88 MP: 6/8
  4823 | Temple   | Entered the Ecumenical Temple
  4901 | D:6      | Found a stormy altar of Qazlal.
  4906 | D:6      | Noticed Jeremiah
  4923 | D:6      | Killed Jeremiah
  4924 | D:6      | Reached skill level 9 in Unarmed Combat
  4981 | D:6      | Found Icuodoom's Jewellery Boutique.
  4981 | D:6      | Noticed Grinder
  4993 | D:6      | Killed Grinder
  5072 | D:6      | Reached **** piety under Makhleb
  5335 | D:7      | Found a sacrificial altar of Ru.
  5797 | D:7      | Noticed Joseph
  5802 | D:7      | Killed Joseph
  5803 | D:7      | Reached skill level 10 in Unarmed Combat
  5951 | D:7      | Paralysed by a hornet for 2 turns
  6272 | D:2      | Bought a potion of curing for 39 gold pieces
  6304 | D:2      | Bought a tubular moonstone ring for 135 gold pieces
  6535 | D:8      | Reached XP level 10. HP: 98/98 MP: 11/11
  6781 | D:8      | Paralysed by a hornet for 2 turns
  6858 | D:8      | Noticed Maggie
  6866 | D:8      | Killed Maggie
  7383 | D:9      | Found an ancient bone altar of Kikubaaqudgha.
  7731 | D:9      | Noticed a two-headed ogre
  7742 | D:9      | Killed a two-headed ogre
  7743 | D:9      | Reached skill level 11 in Unarmed Combat
  8080 | D:9      | Found an ornate altar of the Wu Jian Council.
  8431 | D:10     | Entered Level 10 of the Dungeon
  8503 | D:10     | Noticed a gargoyle
  8518 | D:10     | Killed a gargoyle
  8530 | D:10     | Reached ***** piety under Makhleb
  8531 | D:10     | Reached skill level 5 in Invocations
  8674 | D:10     | Noticed a boulder beetle
  8675 | D:10     | Reached XP level 11. HP: 109/109 MP: 13/13
  8697 | D:10     | Killed a boulder beetle
  8806 | D:10     | Found a staircase to the Lair.
  8906 | D:10     | Found a portal to a secret trove of treasure.
  8918 | D:10     | You paid a toll of 8 scrolls of fear to enter a treasure
                  | trove
  8919 | Trove    | Entered a treasure trove
  8929 | Trove    | Got the Catalogue of Obstruction
  8943 | Trove    | Identified the +2 robe "Cehyir" {Int+5}
  8949 | Trove    | Got the Atlas of Scree and Damage
  8950 | Trove    | Identified the scarf "Arruim" {shadows, rElec}
  9075 | D:10     | Found Xaivvarch's Assorted Antiques.
  9107 | D:10     | Bought a metallic yellow potion for 20 gold pieces
  9107 | D:10     | Bought a scroll labelled RUNURU DYPNAA for 23 gold pieces
  9107 | D:10     | Bought a metallic yellow potion for 20 gold pieces
  9107 | D:10     | Bought a fuming red potion for 20 gold pieces
  9224 | D:11     | Reached skill level 12 in Unarmed Combat
  9577 | D:11     | Found a sacrificial altar of Ru.
  9861 | D:11     | Found a staircase to the Orcish Mines.
 10028 | D:11     | Noticed a five-headed hydra
 10043 | D:11     | HP: 1/110 [11-headed hydra (11)]
 10043 | D:11     | Slain by an 11-headed hydra

Illustrated notes

Levels and vault maps discovered:
D:1:      spicycebolla_arrival_clurvy, layout_basic
D:2:      layout_loops_cross, serial_shops, shop, nicolae_shop_crystal, shop,
          shop, nicolae_shop_overgrown_old_shop
D:3:      layout_loops_cross, uniq_sigmund
D:4:      layout_loops_cross, grunt_dithmenos_smoke_and_mirrors,
          amcnicky_altar_gilded, uniq_crazy_yiuf_cottage
D:5:      layout_basic, nicolae_shop_i_like_big_books, chequers_garden,
          uniq_edmund, uniq_ijyb
D:6:      layout_loops_ring, grunt_qazlal_clouds, overflow_temple_1_default,
          temple_pool_b, serial_shops, shop, gup_sewer_entry_pipe,
          uniq_jeremiah, uniq_grinder
D:7:      layout_basic, mainiacjoe_overflow_cross_hatched,
          roderic_roman_lattice, uniq_joseph
D:8:      layout_gridville, uniq_maggie
D:9:      layout_basic, overflow_temple_1_default, kiku_gazebo_pond_becter
D:10:     layout_rooms, david_lair_shrubbed, nicolae_trove_entry_diagonal,
          serial_shops, nicolae_shop_peninsula, kennysheep_generic_room_15
D:11:     layout_gridville, erik_orc_1, nicolae_ru_great_annihilating_truth
Temple:   hellmonk_temple_of_storms

Skill      XL: |  1  2  3  4  5  6  7  8  9 10 11 |
---------------+----------------------------------+-----
Unarmed Combat | 4 5 6 7 8 10 11 12 | 12.6
Fighting       | 3 4 5 6 7 |  7.7
Dodging        | 3 4 5 6 7 |  7.7
Invocations    | 1 3 5 6 |  6.0

Action                     |  1- 3 |  4- 6 |  7- 9 | 10-12 || total
---------------------------+-------+-------+-------+-------++-------
  Melee: Unarmed           |    78 |    78 |   293 |   270 ||   719
  Throw: Dart              |       |       |       |     8 ||     8
    Use: Scroll            |       |     3 |     6 |     7 ||    16
         Potion            |       |       |     2 |     1 ||     3
   Stab: Paralysed         |       |       |       |     1 ||     1
 Armour: Robe              |    43 |    50 |   174 |    12 ||   279
         Swamp dragon scal |       |       |       |   195 ||   195
  Dodge: Dodged            |    25 |    28 |   143 |   161 ||   357
